NWL (28 & UNDER)
MOOSE JAW GHOSTBUSTERS @ CULVER CITY EXTRAS
07/15/2026
 
TOP OF THE 1ST
Moose Jaw Ghostbusters batting - Pitching for Culver City Extras : RHP Juan Tapia
Pitching: RHP Juan Tapia
Batting: RHB Manuel Pérez 0-0: Ball
1-0: Ball
2-0: Swinging Strike
2-1: Ball
3-1: Base on Balls
Batting: RHB Don Turner 0-0: Called Strike
0-1: Ball
1-1: SINGLE (Line Drive, 56D)
Manuel Pérez to second
Batting: RHB John Major 0-0: Foul Ball, location: 2F
0-1: Ball
1-1: Ball
2-1: Ball
3-1: Foul Ball, location: 2F
3-2: Base on Balls
Manuel Pérez to third
Don Turner to second
Batting: RHB Paco Hernández 0-0: Ball
1-0: Swinging Strike
1-1: Called Strike
1-2: Strikes out looking
Batting: LHB Dave Stewart 0-0: Called Strike
0-1: Ball
1-1: Fly out, F8 (Flyball, 8RD)
Runner from 3rd tags up, SCORES, no throw
Don Turner to third
Batting: RHB Luis Miguel Sánchez 0-0: Ball
1-0: Called Strike
1-1: Swinging Strike
1-2: Strikes out swinging
Top of the 1st over - 1 run(s), 1 hit(s), 0 error(s), 2 left on base; Moose Jaw 1 - Culver City 0
BOTTOM OF THE 1ST
Culver City Extras batting - Pitching for Moose Jaw Ghostbusters : LHP Martin White
Pitching: LHP Martin White
Batting: RHB Lorne Witcher 0-0: Called Strike
0-1: SINGLE (Line Drive, 9S)
Batting: RHB Ben Alexander 0-0: Ball
1-0: Fly out, F9 (Line Drive, 89M)
Batting: RHB Jesús Hernández 0-0: Swinging Strike
0-1: Foul Ball, location: 2F
0-2: Fielders Choice at 2nd, 4-6 (Groundball, 4)
Batting: RHB Jesús Gonzáles 0-0: Ball
Jesús Hernández is caught stealing 2nd base
Bottom of the 1st over - 0 run(s), 1 hit(s), 0 error(s), 0 left on base; Moose Jaw 1 - Culver City 0
TOP OF THE 2ND
Moose Jaw Ghostbusters batting - Pitching for Culver City Extras : RHP Juan Tapia
Batting: RHB León Rivera 0-0: Called Strike
0-1: Called Strike
0-2: Ball
1-2: Foul Ball, location: 2F
1-2: Strikes out looking
Batting: RHB Juan Vázquez 0-0: Called Strike
0-1: Foul Ball, location: 2F
0-2: Strikes out swinging
Batting: LHB John Robbins 0-0: Foul Ball, location: 2F
0-1: SINGLE (Line Drive, 78M)
Batting: RHB Manuel Pérez 0-0: Ball
1-0: Ball
2-0: Foul Ball, location: 2F
2-1: Called Strike
2-2: Ball
3-2: Foul Ball, location: 2F
3-2: Ground out 6-3 (Groundball, 6)
Top of the 2nd over - 0 run(s), 1 hit(s), 0 error(s), 1 left on base; Moose Jaw 1 - Culver City 0
BOTTOM OF THE 2ND
Culver City Extras batting - Pitching for Moose Jaw Ghostbusters : LHP Martin White
Batting: RHB Jesús Gonzáles 0-0: Ball
1-0: Called Strike
1-1: Ball
2-1: Swinging Strike
2-2: Ball
3-2: Strikes out looking
Batting: LHB Nick English 0-0: Ball
1-0: Ball
2-0: Ground out 5-3 (Groundball, 56)
Batting: RHB Tony Cruz 0-0: Called Strike
0-1: Swinging Strike
0-2: Ball
1-2: Foul Ball, location: 2F
1-2: Foul Ball, location: 2F
1-2: Ball
2-2: Ball
3-2: SINGLE (Line Drive, 4MD)
Batting: RHB Horace Johnson 0-0: Swinging Strike
Passed Ball!
Tony Cruz to second
0-1: Ball
1-1: Fly out, F4 (Popup, 34S)
Bottom of the 2nd over - 0 run(s), 1 hit(s), 0 error(s), 1 left on base; Moose Jaw 1 - Culver City 0
TOP OF THE 3RD
Moose Jaw Ghostbusters batting - Pitching for Culver City Extras : RHP Juan Tapia
Batting: RHB Don Turner 0-0: Fly out, F7 (Flyball, 78D)
Batting: RHB John Major 0-0: SINGLE (Groundball, 6MD)
Batting: RHB Paco Hernández 0-0: Called Strike
0-1: Ball
1-1: SINGLE (Line Drive, 4MD)
John Major to second
Batting: LHB Dave Stewart 0-0: Ball
1-0: Foul Ball, location: 2F
1-1: Ball
Wild Pitch!
John Major to third
Paco Hernández to second
2-1: Ball
3-1: Fly out, F4 (Popup, 4S)
Batting: RHB Luis Miguel Sánchez 0-0: Called Strike
0-1: Ball
1-1: Ball
2-1: Ball
3-1: DOUBLE (Flyball, 78D)
John Major scores
Paco Hernández scores
Batting: RHB León Rivera 0-0: SINGLE (Groundball, 4MD)
Luis Miguel Sánchez to third
Runner from 3rd tries for Home, SAFE, throw made home
León Rivera to second
Batting: RHB Juan Vázquez 0-0: Ball
1-0: Ball
2-0: Called Strike
2-1: Ball
3-1: Base on Balls
Batting: LHB John Robbins 0-0: Called Strike
0-1: Called Strike
0-2: Foul Ball, location: 2F
0-2: Strikes out swinging
Top of the 3rd over - 3 run(s), 4 hit(s), 0 error(s), 2 left on base; Moose Jaw 4 - Culver City 0
BOTTOM OF THE 3RD
Culver City Extras batting - Pitching for Moose Jaw Ghostbusters : LHP Martin White
Batting: RHB Dave Anderson 0-0: Called Strike
0-1: Ball
1-1: SOLO HOME RUN (Flyball, 89XD), Distance : 419 ft
Batting: LHB Ronaldo Gois 0-0: Ground out 4-3 (Groundball, 34)
Batting: RHB Lorne Witcher 0-0: Ball
1-0: Called Strike
1-1: SINGLE (Groundball, 25) (infield hit)
Batting: RHB Ben Alexander 0-0: Called Strike
0-1: Called Strike
0-2: Ball
1-2: Fly out, F5 (Popup, 5)
Batting: RHB Jesús Hernández 0-0: TRIPLE (Line Drive, 9LM)
Lorne Witcher scores
Batting: RHB Jesús Gonzáles 0-0: Fly out, F8 (Flyball, 8LD)
Bottom of the 3rd over - 2 run(s), 3 hit(s), 0 error(s), 1 left on base; Moose Jaw 4 - Culver City 2
TOP OF THE 4TH
Moose Jaw Ghostbusters batting - Pitching for Culver City Extras : RHP Juan Tapia
Batting: RHB Manuel Pérez 0-0: Ball
1-0: Foul Ball, location: 2F
1-1: Swinging Strike
1-2: Ball
2-2: Strikes out swinging
Batting: RHB Don Turner 0-0: Ball
1-0: SINGLE (Groundball, 34)
Batting: RHB John Major 0-0: Called Strike
0-1: SINGLE (Groundball, 15) (infield hit)
Don Turner to second
Batting: RHB Paco Hernández 0-0: Foul Ball, location: 2F
0-1: Foul Ball, location: 2F
0-2: SINGLE (Groundball, 4D)
Don Turner to third
John Major to second
Runner from 3rd tries for Home, SAFE, no throw or cutoff
Batting: LHB Dave Stewart 0-0: Ball
1-0: Swinging Strike
1-1: Ball
2-1: Fly out, F7 (Flyball, 7LM)
Batting: RHB Luis Miguel Sánchez 0-0: Ball
1-0: SINGLE (Line Drive, 9S)
John Major to third
Paco Hernández to second
Runner from 3rd tries for Home, SAFE, no throw or cutoff
Batting: RHB León Rivera 0-0: Ground out 5-3 (Groundball, 5)
Top of the 4th over - 2 run(s), 4 hit(s), 0 error(s), 2 left on base; Moose Jaw 6 - Culver City 2
BOTTOM OF THE 4TH
Culver City Extras batting - Pitching for Moose Jaw Ghostbusters : LHP Martin White
Batting: LHB Nick English 0-0: Ball
1-0: Swinging Strike
1-1: Ball
2-1: Foul Ball, location: 2F
2-2: Fly out, F8 (Flyball, 8LM)
Batting: RHB Tony Cruz 0-0: Ball
1-0: DOUBLE (Flyball, 89XD)
Batting: RHB Horace Johnson 0-0: Ball
1-0: Fly out, F3 (Popup, 3)
Batting: RHB Dave Anderson 0-0: Called Strike
0-1: Foul Ball, location: 2F
0-2: Strikes out swinging
Bottom of the 4th over - 0 run(s), 1 hit(s), 0 error(s), 1 left on base; Moose Jaw 6 - Culver City 2
TOP OF THE 5TH
Moose Jaw Ghostbusters batting - Pitching for Culver City Extras : RHP Juan Tapia
Batting: RHB Juan Vázquez 0-0: Called Strike
0-1: Foul Ball, location: 2F
0-2: Foul Ball, location: 2F
0-2: Foul Ball, location: 2F
0-2: SINGLE (Line Drive, 7S)
Batting: LHB John Robbins 0-0: Foul Ball, location: 2F
0-1: Ball
1-1: Ball
2-1: Foul Ball, location: 2F
2-2: Foul Ball, location: 2F
2-2: DOUBLE (Line Drive, 3L)
Juan Vázquez to third
Runner from 3rd tries for Home, SAFE, no throw or cutoff
Pitching: RHP Tyler Kirkland
Batting: RHB Manuel Pérez 0-0: Ball
1-0: Foul Ball, location: 2F
1-1: Ball
2-1: Ball
3-1: Base on Balls
Batting: RHB Don Turner 0-0: Called Strike
0-1: Called Strike
0-2: Fly out, F9 (Flyball, 9S)
Batting: RHB John Major 0-0: Ball
1-0: Ball
2-0: Swinging Strike
2-1: Swinging Strike
2-2: Fly out, F9 (Flyball, 89D)
Runner from 2nd tags up, SAFE at 3rd, no throw
Batting: RHB Paco Hernández 0-0: Ball
1-0: Ball
2-0: Foul Ball, location: 2F
2-1: Foul Ball, location: 2F
2-2: Ball
3-2: Base on Balls
Manuel Pérez to second
Batting: LHB Dave Stewart 0-0: Ball
1-0: DOUBLE (Line Drive, 3L)
John Robbins scores
Manuel Pérez scores
Paco Hernández to third
Runner from 3rd tries for Home, SAFE, no throw or cutoff
Batting: RHB Luis Miguel Sánchez 0-0: Ball
1-0: Called Strike
1-1: Swinging Strike
1-2: Ball
2-2: Strikes out swinging
Top of the 5th over - 4 run(s), 3 hit(s), 0 error(s), 1 left on base; Moose Jaw 10 - Culver City 2
BOTTOM OF THE 5TH
Culver City Extras batting - Pitching for Moose Jaw Ghostbusters : LHP Martin White
Batting: LHB Ronaldo Gois 0-0: Ball
1-0: Foul Ball, location: 2F
1-1: Ground out 3-1 (Groundball, 34S)
Batting: RHB Lorne Witcher 0-0: Swinging Strike
0-1: Ball
1-1: Called Strike
1-2: Strikes out swinging
Batting: RHB Ben Alexander 0-0: Called Strike
0-1: Foul Ball, location: 2F
0-2: SINGLE (Groundball, 4MD)
Batting: RHB Jesús Hernández 0-0: Fly out, F6 (Line Drive, 6M)
Bottom of the 5th over - 0 run(s), 1 hit(s), 0 error(s), 1 left on base; Moose Jaw 10 - Culver City 2
TOP OF THE 6TH
Moose Jaw Ghostbusters batting - Pitching for Culver City Extras : RHP Tyler Kirkland
Batting: RHB León Rivera 0-0: Ball
1-0: Swinging Strike
1-1: Foul Ball, location: 2F
1-2: Strikes out looking
Batting: RHB Juan Vázquez 0-0: Ground out 6-3 (Groundball, 6)
Batting: LHB John Robbins 0-0: Called Strike
0-1: Fly out, F7 (Flyball, 7M)
Top of the 6th over - 0 run(s), 0 hit(s), 0 error(s), 0 left on base; Moose Jaw 10 - Culver City 2
BOTTOM OF THE 6TH
Culver City Extras batting - Pitching for Moose Jaw Ghostbusters : LHP Martin White
Batting: RHB Jesús Gonzáles 0-0: Ball
1-0: SINGLE (Flyball, 89S)
Batting: LHB Nick English 0-0: Called Strike
0-1: Swinging Strike
0-2: Ball
1-2: Ball
2-2: Ball
3-2: Strikes out swinging
Batting: RHB Tony Cruz 0-0: DOUBLE (Line Drive, 7LD)
Jesús Gonzáles to third
Runner from 3rd tries for Home, SAFE, no throw or cutoff
Batting: RHB Horace Johnson 0-0: Fly out, F7 (Flyball, 78M)
Batting: RHB Dave Anderson 0-0: Called Strike
0-1: Ground out 6-3 (Groundball, 6M)
Bottom of the 6th over - 1 run(s), 2 hit(s), 0 error(s), 1 left on base; Moose Jaw 10 - Culver City 3
TOP OF THE 7TH
Moose Jaw Ghostbusters batting - Pitching for Culver City Extras : RHP Tyler Kirkland
Pitching: LHP Jesús Morán
Batting: RHB Manuel Pérez 0-0: Ball
1-0: Reached on error, E6 (Groundball, 6)
Batting: RHB Don Turner 0-0: Bunted foul
0-1: Sac Bunt - play at first, batter OUT! 1-4
Manuel Pérez to second
Batting: RHB John Major 0-0: Called Strike
0-1: Ball
1-1: Ball
2-1: Foul Ball, location: 2F
2-2: Ball
3-2: Foul Ball, location: 2F
3-2: Foul Ball, location: 2F
3-2: Strikes out looking
Batting: RHB Paco Hernández 0-0: Foul Ball, location: 2F
0-1: Ball
1-1: Fly out, F8 (Flyball, 8LM)
Top of the 7th over - 0 run(s), 0 hit(s), 1 error(s), 1 left on base; Moose Jaw 10 - Culver City 3
BOTTOM OF THE 7TH
Culver City Extras batting - Pitching for Moose Jaw Ghostbusters : LHP Martin White
Batting: LHB Ronaldo Gois 0-0: Called Strike
0-1: Ground out U3 (Groundball, 3)
Batting: RHB Lorne Witcher 0-0: Ball
1-0: Fly out, F4 (Popup, 4)
Batting: RHB Ben Alexander 0-0: Called Strike
0-1: Reached on error, E5 (Groundball, 5L)
Pitching: RHP Bennett Greer
Batting: RHB Jesús Hernández 0-0: Fly out, F7 (Flyball, 7D)
Bottom of the 7th over - 0 run(s), 0 hit(s), 1 error(s), 1 left on base; Moose Jaw 10 - Culver City 3
TOP OF THE 8TH
Moose Jaw Ghostbusters batting - Pitching for Culver City Extras : LHP Jesús Morán
Batting: LHB Dave Stewart 0-0: Ball
1-0: Foul Ball, location: 2F
1-1: Foul Ball, location: 2F
1-2: Ball
2-2: Ball
3-2: Ground out 6-3 (Groundball, 6M)
Pinch Hitting: LHB Will Vale 0-0: Ball
1-0: Ball
2-0: Ball
3-0: Called Strike
3-1: Fly out, F6 (Popup, 6D)
Batting: RHB León Rivera 0-0: Ball
1-0: Foul Ball, location: 2F
1-1: Swinging Strike
1-2: Fly out, F9 (Flyball, 9LM)
Top of the 8th over - 0 run(s), 0 hit(s), 0 error(s), 0 left on base; Moose Jaw 10 - Culver City 3
BOTTOM OF THE 8TH
Culver City Extras batting - Pitching for Moose Jaw Ghostbusters : RHP Bennett Greer
Now at 2B: Nicholas Harris
Batting: RHB Jesús Gonzáles 0-0: Swinging Strike
0-1: Foul Ball, location: 2F
0-2: Ball
1-2: Strikes out swinging
Batting: LHB Nick English 0-0: Ball
1-0: Ball
2-0: Ground out 4-3 (Groundball, 4)
Batting: RHB Tony Cruz 0-0: Ball
1-0: Ball
2-0: Foul Ball, location: 2F
2-1: Called Strike
2-2: Ball
3-2: DOUBLE (Line Drive, 9LS)
Batting: RHB Horace Johnson 0-0: Ground out 6-3 (Groundball, 6)
Bottom of the 8th over - 0 run(s), 1 hit(s), 0 error(s), 1 left on base; Moose Jaw 10 - Culver City 3
TOP OF THE 9TH
Moose Jaw Ghostbusters batting - Pitching for Culver City Extras : LHP Jesús Morán
Batting: RHB Juan Vázquez 0-0: Ball
1-0: Ball
2-0: Foul Ball, location: 2F
2-1: Ball
3-1: Base on Balls
Batting: LHB John Robbins 0-0: Ball
1-0: Bunted foul
1-1: Sac Bunt - play at first, batter OUT! 5-4
Juan Vázquez to second
Batting: RHB Manuel Pérez 0-0: Ball
Juan Vázquez steals 3rd base
1-0: Ball
2-0: Foul Ball, location: 2F
2-1: Ground out 5-3 (Groundball, 5)
Batting: RHB Don Turner 0-0: Ball
1-0: Foul Ball, location: 2F
1-1: Called Strike
1-2: Strikes out swinging
Top of the 9th over - 0 run(s), 0 hit(s), 0 error(s), 1 left on base; Moose Jaw 10 - Culver City 3
BOTTOM OF THE 9TH
Culver City Extras batting - Pitching for Moose Jaw Ghostbusters : RHP Bennett Greer
Now at 3B: Robert Carter
Batting: RHB Dave Anderson 0-0: Called Strike
0-1: Ball
1-1: Called Strike
1-2: Strikes out swinging
Batting: LHB Ronaldo Gois 0-0: Foul Ball, location: 2F
0-1: Ball
1-1: Ball
2-1: Ball
3-1: SINGLE (Line Drive, 4D)
Batting: RHB Lorne Witcher 0-0: SINGLE (Groundball, 4M)
Ronaldo Gois to second
Runner from 2nd tries for 3rd, SAFE, no throw or cutoff
Batting: RHB Ben Alexander 0-0: Called Strike
0-1: SINGLE (Groundball, 6D)
Ronaldo Gois scores
Lorne Witcher to second
Batting: RHB Jesús Hernández 0-0: DOUBLE (Groundball, 5L)
Lorne Witcher scores
Ben Alexander to third
Batting: RHB Jesús Gonzáles 0-0: Swinging Strike
0-1: Foul Ball, location: 2F
0-2: SINGLE (Line Drive, 7S)
Ben Alexander scores
Jesús Hernández to third
Runner from 3rd tries for Home, SAFE, no throw or cutoff
Pitching: RHP Andrés Ruíz
Batting: LHB Nick English 0-0: Ball
1-0: Called Strike
1-1: Ball
Wild Pitch!
Jesús Gonzáles to second
2-1: Ball
3-1: Called Strike
3-2: Base on Balls
Batting: RHB Tony Cruz 0-0: Ball
1-0: Foul Ball, location: 2F
1-1: Ball
2-1: Ball
3-1: Foul Ball, location: 2F
3-2: Base on Balls
Jesús Gonzáles to third
Nick English to second
Pinch Hitting: LHB Benny Richard 0-0: Swinging Strike
0-1: Ball
1-1: Foul Ball, location: 2F
1-2: Fly out, F7 (Flyball, 78M)
Runner from 3rd tags up, SCORES, no throw
Pinch Hitting: RHB Walton Smith 0-0: Ball
1-0: Fly out, F9 (Flyball, 9M)
Bottom of the 9th over - 5 run(s), 5 hit(s), 0 error(s), 2 left on base; Moose Jaw 10 - Culver City 8
Monday, December 5th, 2016 - OOTP Baseball 17.12 Build 75